 Dungeon Crawl Stone Soup version 0.31-a0-115-g4708a659fe (webtiles) character file.

Game seed: 11563504247483274862

161 ragingrage the Chopper (level 5, -16/45 HPs)
             Began as a Naga Gladiator on May 29, 2023.
             Demolished by an ogre
             ... wielding a +0 giant club
              (32 damage)
             ... on level 5 of the Dungeon.
             The game lasted 00:02:51 (2743 turns).

ragingrage the Chopper (Naga Gladiator)             Turns: 2743, Time: 00:02:52

Health: -16/45     AC:  4    Str: 18    XL:     5   Next: 42%
Magic:  5/5        EV: 10    Int:  8    God:
Gold:   295        SH:  0    Dex: 19    Spells: 4/4 levels left

rFire   . . .        a - +0 war axe
rCold   . . .        (no shield)
rNeg    . . .        b - +0 leather armour
rPois   +            c - +0 helmet
rElec   .            (no cloak)
rCorr   .            (no gloves)
SInv    +            (no barding)
Will    .....        (no amulet)
Stlth   +++          p - +6 ring of dexterity
HPRegen 0.27/turn    (no ring)
MPRegen 0.09/turn

%: no passive effects
@: very slow
A: AC +1, large, see invisible, deformed body, poison resistance, slowness 2,
spit poison 1, naga tail 1
a: Spit Poison


You were on level 5 of the Dungeon.
You visited 1 branch of the dungeon, and saw 5 of its levels.

You collected 295 gold pieces.

Inventory:

Hand Weapons
 a - a +0 war axe (weapon)
 i - a +1 dagger of venom
 r - a +0 heavy war axe
Missiles
 d - 3 throwing nets (quivered)
Armour
 b - a +0 leather armour (worn)
 c - a +0 helmet (worn)
Jewellery
 p - a +6 ring of dexterity (left hand)
Scrolls
 f - a scroll of identify {unknown}
 g - 3 scrolls of magic mapping {unknown}
 h - 2 scrolls of fear {unknown}
 l - a scroll of vulnerability {unknown}
 m - 2 scrolls of amnesia {unknown}
 q - 3 scrolls of immolation {unknown}
Potions
 j - 2 potions of degeneration {unknown}
 k - 2 potions of brilliance {unknown}
 n - a potion of invisibility {unknown}
 o - a potion of heal wounds {unknown}


   Skills:
 - Level 2.0 Fighting
 + Level 5.2 Axes
 - Level 1.7 Throwing
 - Level 2.4 Dodging
 - Level 4.0 Stealth


You had 4 spell levels left.
You didn't know any spells.
Your spell library contained the following spells:

 Spells                   Type           Power      Damage    Failure   Level
 Freeze                   Ice            0%         1d3       45%         1
 Frozen Ramparts          Ice            0%         1d1       83%         3
 Hailstorm                Conj/Ice       0%         3d3       83%         3


Dungeon Overview and Level Annotations

Branches:
Dungeon (5/15)
 Temple: D:4-7

Altars:
Qazlal
Uskayaw
Vehumet

Annotations:
D:3 exclusion: downstairs, Terence


Innate Abilities, Weirdness & Mutations

Your serpentine skin is tough. (AC +1)
You have supernaturally acute eyesight. (SInv)
Armour fits poorly on your strangely shaped body.
Your system is resistant to poisons. (rPois)
You cover ground very slowly.
You can spit poison.
You have a snake-like lower body.


Message History

The shadow imp closely misses you.
A shadow imp is nearby!
You hit the shadow imp. The shadow imp completely misses you.
You barely miss the shadow imp.
The shadow imp hits you but does no damage.
You closely miss the shadow imp. The shadow imp hits you.
You slash the shadow imp! The shadow imp barely misses you.
You slash the shadow imp!
You kill the shadow imp!
No target in view!
No target in view!
You hear the slow rusting of a distant drain.
q - 3 scrolls labelled JYREFI VAILL (gained 1)
Found an escape hatch in the ceiling.
No target in view!
You now have 295 gold pieces (gained 4).
You hear the slow rusting of a drain nearby.
An ogre comes into view. It is wielding a +0 giant club.
An ogre is nearby!
An ogre is nearby!
The ogre shouts!
Aiming: Spit Poison (1% risk of failure)
Aim: an ogre, wielding a +0 giant club (81% to hit)
The splash of poison misses the ogre.
Throw: javelin
Aim: an ogre, wielding a +0 giant club (76% to hit)
You throw a javelin. The javelin pierces through the ogre!
You hit the ogre but do no damage. The ogre barely misses you.
You barely miss the ogre. The ogre hits you with a +0 giant club!
You hit the ogre.
You have got your breath back.
The ogre closely misses you.
You slash the ogre! You hit the ogre but do no damage.
The ogre hits you with a +0 giant club!!
Ouch! That really hurt!
You slash the ogre!
The ogre hits you with a +0 giant club!!
Ouch! That really hurt!
You die...

###########
#.....@O..#
#.≈≈≈≈≈≈≈(≈≈≈≈
#.≈#####≈.≈###
#.≈# ≈.≈# #.≈#
.... #.≈#
.≈#≈≈
#.≈#####≈ ≈# #
. #.≈≈≈≈≈≈≈ ≈≈
<# ###...###..


You could see an ogre.

Vanquished Creatures
  A howler monkey (D:5)
  3 adders
  A shadow imp (D:5)
  2 worms
  3 dart slugs
  An orc (D:5)
  4 bats
  4 endoplasms (D:1)
  2 giant cockroaches
  3 goblins
  9 hobgoblins
  3 jackals (D:2)
  13 kobolds
  4 quokkas (D:1)
  5 ball pythons
  3 frilled lizards
  11 rats
72 creatures vanquished.

Notes
Turn   | Place    | Note
-------+----------+-------------------------------------------
     0 | D:1      | ragingrage the Naga Gladiator began the quest for the Orb.
     0 | D:1      | Reached XP level 1. HP: 19/19 MP: 1/1
   189 | D:1      | Reached XP level 2. HP: 26/26 MP: 2/2
   441 | D:1      | Reached skill level 4 in Axes
   482 | D:1      | Reached XP level 3. HP: 25/32 MP: 3/3
   599 | D:1      | Reached skill level 1 in Stealth
   615 | D:1      | You fall into a shaft and drop 1 floor!
  1170 | D:2      | Reached XP level 4. HP: 39/39 MP: 4/4
  1501 | D:3      | Found a hide-covered altar of Uskayaw.
  1953 | D:3      | Noticed Terence
  1980 | D:3      | Found a stormy altar of Qazlal.
  2368 | D:4      | Found a radiant altar of Vehumet.
  2370 | D:4      | Noticed a phantom
  2619 | D:4      | Noticed a phantom
  2636 | D:5      | Entered Level 5 of the Dungeon
  2644 | D:5      | Reached skill level 5 in Axes
  2644 | D:5      | Reached XP level 5. HP: 39/45 MP: 5/5
  2732 | D:5      | Noticed an ogre
  2743 | D:5      | Demolished by an ogre

Illustrated notes

Levels and vault maps discovered:
D:1:      dpeg_arrival_solitude, layout_rooms, minivault_25
D:2:      layout_loops_cross, minmay_gold_behind_fungi
D:3:      kennysheep_six_static_rooms, layout_basic, marbit_many_paths,
          nicolae_overflow_crystal_walls, serial_aquarium,
          aquarium_bridge_long_joined [aquarium_subvault_wall,
          aquarium_subvault_wall, aquarium_subvault_bridge,
          aquarium_subvault_wall, aquarium_subvault_bridge,
          aquarium_subvault_bridge], aquarium_bridge_straight
          [aquarium_subvault_bridge, aquarium_subvault_window,
          aquarium_subvault_bridge, aquarium_subvault_window],
          aquarium_window_3, aquarium_window_fake, aquarium_window_fake,
          aquarium_window_2, aquarium_view_4, aquarium_balcony_1a,
          aquarium_pool_2, uniq_terence
D:4:      layout_basic, nicolae_dithmenos_through_a_glass_darkly,
          old_standard_altar
D:5:      layout_rooms, yredelemnul_forgotten_temple_becter,
          nicolae_overflow_two_pavilions, gup_sewer_entry_glass

Skill      XL: |  1  2  3  4 |
---------------+-------------+-----
Axes           | 4 5 |  5.2
Stealth        | 2 4 |  4.0
Fighting       | |  2.0
Throwing       | |  1.7
Dodging        | |  2.4

Action                     |  1- 3 |  4- 6 || total
---------------------------+-------+-------++-------
  Melee: War axe           |    90 |    71 ||   161
         Punch             |     1 |     1 ||     2
  Throw: Javelin           |       |     1 ||     1
Ability: Spit Poison       |    23 |    11 ||    34
   Stab: Sleeping          |     1 |     4 ||     5
 Armour: Leather armour    |    24 |    17 ||    41
  Dodge: Dodged            |    64 |    50 ||   114

Table legend: (Time is in decaauts)
 A = Elapsed time spent in this place.
 B = Non-inter-level travel time spent in this place.
 C = Inter-level travel time spent in this place.
 D = Time resting spent in this place.
 E = Time spent auto-exploring this place.
 F = Levels seen in this place.
 G = Mean time per level.
                   A        B        C        D        E       F      G
               +--------+--------+--------+--------+--------+-----+--------+
         Total |   3625 |   3513 |    112 |    226 |   2627 |   5 |  725.0 |
       Dungeon |   3625 |   3513 |    112 |    226 |   2627 |   5 |  725.0 |
               +--------+--------+--------+--------+--------+-----+--------+

Top non-repeatable levels by time:
     D:3: 1542 daAuts
     D:2: 821 daAuts
     D:1: 780 daAuts
     D:4: 345 daAuts
     D:5: 136 daAuts
